 Dungeon Crawl Stone Soup version 0.27.1-34-g3ba077fa99 (webtiles) character file.

Game seed: 12697964409534308847

100 styxcanada the Sneak (level 4, -7/23 HPs)
             Began as a Spriggan Brigand on Jan 11, 2022.
             Killed by divine providence
             ... invoked by an orc priest
              (14 damage)
             ... on level 3 of the Dungeon.
             The game lasted 00:08:16 (2963 turns).

styxcanada the Sneak (Spriggan Brigand)             Turns: 2963, Time: 00:08:16

Health: -7/23      AC:  3    Str:  7    XL:     4   Next: 46%
Magic:  5/5        EV: 17    Int: 18    God:
Gold:   102        SH:  0    Dex: 17    Spells: 3/3 levels left

rFire    . . .     SeeInvis +   a - +2 dagger
rCold    + . .     Faith    .   (shield restricted)
rNeg     . . .     Spirit   .   b - +0 robe
rPois    .         Reflect  .   (helmet restricted)
rElec    .         Harm     .   c - +0 cloak
rCorr    .         Rampage  .   (gloves unavailable)
Will     .....                  (boots unavailable)
Stlth    ++++......             (no amulet)
HPRegen  0.07/turn              g - +6 ring of intelligence
MPRegen  0.09/turn              p - ring of protection from cold

@: very quick
A: very small, no large weapons, unfitting armour, see invisible, speed 3
a: no special abilities


You were on level 3 of the Dungeon.
You visited 1 branch of the dungeon, and saw 3 of its levels.

You collected 102 gold pieces.

Inventory:

Hand Weapons
 a - a +2 dagger (weapon)
 h - a +1 dagger of speed
 n - a +0 hunting sling
Missiles
 d - 8 poisoned darts (quivered)
 e - 2 curare-tipped darts
 j - 55 stones
 o - 26 sling bullets
Armour
 b - a +0 robe (worn)
 c - a +0 cloak (worn)
Jewellery
 g - a +6 ring of intelligence (left hand)
 p - a ring of protection from cold (right hand)
Wands
 r - a wand of digging (4)
Scrolls
 f - 3 scrolls of identify
 i - a scroll of teleportation {unknown}
 l - a scroll of immolation {unknown}
 q - a scroll of brand weapon {unknown}
Potions
 k - a potion of berserk rage
 m - 2 potions of heal wounds


   Skills:
 * Level 2.1 Fighting
 + Level 2.6 Short Blades
 + Level 2.1 Throwing
 * Level 2.6 Dodging
 * Level 7.6 Stealth


You had 3 spell levels left.
You didn't know any spells.
Your spell library contained the following spells:

 Spells                   Type           Power      Damage    Failure   Level
 Animate Skeleton         Necr           0%         N/A       22%         1
 Pain                     Necr           0%         1d4       22%         1
 Vampiric Draining        Necr           0%         2d6       54%         3


Dungeon Overview and Level Annotations

Branches:
Dungeon (3/15)

Altars:
Qazlal

Annotations:
D:3 3 runed translucent doors, belegose's ghost, amateur DrAM; comborobin's ghost, weakling HODe


Innate Abilities, Weirdness & Mutations

You are very small and have problems with some larger weapons.
You are too small for most types of armour.
You have supernaturally acute eyesight. (SInv)
You cover ground extremely quickly. (Speed+++)


Message History

You hit the orc wizard.
The orc wizard is severely wounded.
An adder comes into view.
The orc wizard gestures at you while chanting.
You are confused.
The orc wizard hits you with a +0 dagger.
Non-targeted confused throw: 10 darts (poison)
Press: ? - help, Q - select action, (/) - cycle Dir - look around, f - activate
Okay, then.
You bump into the rock wall.
The adder hisses angrily.
The orc wizard hits you with a +0 dagger.
The orc wizard looks more healthy.
You miss the orc wizard.
The orc wizard is almost dead.
The orc wizard misses you.
You bump into the rock wall.
You feel less confused.
The orc wizard gestures wildly while chanting.
The orc wizard flickers and vanishes for a moment.
The orc wizard points at you and mumbles some strange words.
The puff of flame hits you.
Throw: 10 darts (poison)
Press: ? - help, Q - select action, (/) - cycle Shift-Dir - straight line, f/p - orc wizard
Aim: an orc wizard, wielding a +0 dagger and wearing a +0 robe (almost dead, slightly transparent, 55% to hit)
You throw a poisoned dart. The poisoned dart hits the adder.
Unknown command.
Throw: 9 darts (poison)
Press: ? - help, Q - select action, (/) - cycle Shift-Dir - straight line, f/p - orc wizard
Aim: an orc wizard, wielding a +0 dagger and wearing a +0 robe (almost dead, slightly transparent, 55% to hit)
You throw a poisoned dart. The poisoned dart misses the adder.
The poisoned dart hits the orc wizard.
The orc wizard is poisoned.
The orc wizard is almost dead.
You kill the orc wizard!
The adder bites you.
The orc priest mumbles some strange prayers to Beogh against you.
Beogh smites you!
Ouch! That really hurt!
You die...

############# #...........# ####
####.#########.####..
...(.(.((.....)...#.####
.........o.)...S@.......
####.#.......#.###..#### .##
####.#..###..#......# ...#
.....#..# #..#####..# #..#
######..# #..# ##.# #..## #..#
#..# #.## ######....
######..###..## #..# #....#...
#...........).######.###....#.##
#.####...######........).......#


You could see an orc priest and an adder.

Vanquished Creatures
  Ijyb (D:3)
  An orc wizard (D:3)
  2 adders
  A dart slug (D:1)
  An orc (D:3)
  3 ball pythons (D:2)
  2 bats
  2 endoplasms (D:1)
  A giant cockroach (D:2)
  11 goblins
  4 hobgoblins
  2 jackals (D:1)
  2 quokkas (D:2)
  3 frilled lizards
  9 kobolds
  10 rats
55 creatures vanquished.

Notes
Turn   | Place    | Note
-------+----------+-------------------------------------------
     0 | D:1      | styxcanada the Spriggan Brigand began the quest for the
                  | Orb.
     0 | D:1      | Reached XP level 1. HP: 10/10 MP: 2/2
   163 | D:1      | Reached skill level 6 in Stealth
   223 | D:1      | Reached XP level 2. HP: 15/15 MP: 3/3
   417 | D:1      | Found a faded altar of an unknown god.
   794 | D:1      | Reached skill level 7 in Stealth
  1164 | D:1      | Reached XP level 3. HP: 13/18 MP: 4/4
  2312 | D:2      | Found a stormy altar of Qazlal.
  2561 | D:3      | Noticed comborobin's ghost (weakling HODe)
  2561 | D:3      | Noticed belegose's ghost (amateur DrAM)
  2562 | D:3      | Found a runed translucent gate.
  2562 | D:3      | Found a runed translucent gate.
  2562 | D:3      | Found a runed translucent gate.
  2667 | D:3      | Reached XP level 4. HP: 14/23 MP: 5/5
  2880 | D:3      | Noticed Ijyb
  2914 | D:3      | Killed Ijyb
  2963 | D:3      | Killed from afar by an orc priest

Illustrated notes

Levels and vault maps discovered:
D:1:      lightli_arrival_statue_moat, layout_basic,
          hellmonk_ecumenical_altar_dog_temple, minmay_rat_gold_closets
D:2:      layout_basic, basic_altar
D:3:      layout_basic, nicolae_uskayaw_murder_on_the_dancefloor,
          gammafunk_ghost_cemetery, corexii_shack, uniq_ijyb

Skill      XL: |  1  2  3 |
---------------+----------+-----
Stealth        | 6 7 |  7.6
Dodging        | 2 |  2.6
Fighting       | 2 |  2.1
Short Blades   | |  2.6
Throwing       | |  2.1

Action                   |  1- 3 |  4- 6 || total
-------------------------+-------+-------++-------
Melee: Dagger            |   148 |    17 ||   165
Throw: Dart              |    11 |    19 ||    30
  Use: Potion            |     2 |       ||     2
       Scroll            |       |     2 ||     2
 Stab: Sleeping          |    12 |       ||    12
       Distracted        |       |     1 ||     1
Armor: Robe              |    21 |     3 ||    24
Dodge: Dodged            |    90 |    10 ||   100
